 Dungeon Crawl Stone Soup version 0.30-a0-782-ge64f9170bb (webtiles) character file.

Game seed: 18269482943149198050

11546 Goldberg the Basher (level 12, 0/91 HPs)
             Began as a Human Gladiator on Feb 18, 2023.
             Was an Initiate of Gozag.
             Slain by a yak (1 damage)
             ... on level 11 of the Dungeon.
             The game lasted 00:52:12 (11060 turns).

Goldberg the Basher (Human Gladiator)              Turns: 11060, Time: 00:52:13

Health: 0/91       AC: 20    Str: 29    XL:     12   Next: 9%
Magic:  12/12      EV: 19    Int:  9    God:    Gozag
Gold:   808        SH:  0    Dex: 28    Spells: 11/11 levels left

rFire   . . .      SeeInvis +    y - +3 great mace of Inoexkim {drain, *Corrode rElec rC+ Dex+6}
rCold   + . .      Faith    .    (shield currently unavailable)
rNeg    + . .      Spirit   .    m - +3 scale mail of the Saviour {+Blink rN+ Slay+5}
rPois   .          Reflect  .    S - +2 helmet {SInv}
rElec   +          Harm     .    i - scarf {repulsion}
rCorr   .          Rampage  +    p - +2 pair of gloves {Dex+3}
Will    .....      Rage     3%   H - +2 pair of boots {rampage}
Stlth   +                        (no amulet)
HPRegen 0.35/turn                z - +6 ring of strength
MPRegen 0.13/turn                J - +6 ring of strength

@: gold aura, repel missiles
A: claws 1, agile 1, berserk 1
a: Renounce Religion, Evoke Blink, Potion Petition, Call Merchant, Bribe Branch


You were on level 11 of the Dungeon.
You worshipped Gozag.
Gozag was pleased with you.
You visited 1 branch of the dungeon, and saw 11 of its levels.

You collected 1606 gold pieces.
You spent 232 gold pieces at shops.
You paid 566 gold pieces to Gozag.

Inventory:

Hand Weapons
 a - a +0 flail
 f - a +0 mace
 k - a +0 heavy morningstar
 y - the +3 great mace of Inoexkim (weapon) {drain, *Corrode rElec rC+ Dex+6}
   (You acquired it on level 5 of the Dungeon)

   Dex:       It affects your dexterity (+6).
   rC:        It protects you from cold.
   rElec:     It insulates you from electricity.
   *Corrode:  It may corrode you when you take damage.
 N - a +4 dagger of chaos
Missiles
 d - 6 throwing nets (quivered)
 e - 6 javelins
 R - 2 silver javelins
Armour
 b - a +0 leather armour
 c - a +0 helmet
 g - a +0 pair of boots
 i - a scarf of repulsion (worn)
 j - a +0 cloak
 m - the +3 scale mail of the Saviour (worn) {+Blink rN+ Slay+5}
   (You took it off a hobgoblin on level 3 of the Dungeon)

   Slay:      It affects your accuracy & damage with ranged weapons and melee
   (+5).
   rN:        It protects you from negative energy.
   +Blink:    It lets you blink.
 p - a +2 pair of gloves of dexterity (worn)
 H - a +2 pair of boots of rampaging (worn)
 S - a +2 helmet of see invisible (worn)
Jewellery
 z - a +6 ring of strength (left hand)
 C - a ring of protection from cold
 J - a +6 ring of strength (right hand)
 Q - an amulet of magic regeneration
Wands
 r - a wand of acid (5)
 D - a wand of roots (13)
Scrolls
 n - 3 scrolls of fog
 q - a scroll of torment
 s - a scroll of blinking
 u - 4 scrolls of noise
 v - a scroll of enchant armour {unknown}
 w - 4 scrolls of poison
 B - 2 scrolls of amnesia
 E - 2 scrolls of magic mapping
 F - 2 scrolls of silence {unknown}
 L - 4 scrolls of teleportation
 M - a scroll of enchant weapon {unknown}
 O - a scroll of vulnerability {unknown}
 P - a scroll of immolation {unknown}
Potions
 h - 8 potions of curing
 l - 3 potions of magic
 o - 5 potions of attraction
 t - 4 potions of lignification
 A - 2 potions of brilliance {unknown}
 G - a potion of ambrosia {unknown}
 I - 3 potions of flight {unknown}
 K - 2 potions of cancellation {unknown}


   Skills:
 + Level 7.1 Fighting
 + Level 13.1 Maces & Flails
 + Level 2.2 Throwing
 + Level 7.3 Armour
 * Level 9.2 Dodging


You had 11 spell levels left.
You didn't know any spells.
Your spell library contained the following spells:

 Spells                   Type           Power      Damage    Failure   Level
 Apportation              Tloc           0%         N/A       61%         1
 Freeze                   Ice            0%         1d3       61%         1
 Summon Small Mammal      Summ           0%         N/A       61%         1
 Cigotuvi's Dreadful Rot  Necr/Pois/Air  0%         N/A       75%         2
 Poisonous Vapours        Pois/Air       0%         N/A       75%         2
 Static Discharge         Conj/Air       0%         2-2/arc   75%         2
 Frozen Ramparts          Ice            0%         1d1       93%         3
 Hailstorm                Conj/Ice       0%         3d3       93%         3
 Ignite Poison            Fire/Tmut/Pois 0%         N/A       93%         3
 Kindle Blastsparks       Fire/Tloc/Air  0%         2d10      93%         3
 Mephitic Cloud           Conj/Pois/Air  0%         N/A       93%         3
 Vhi's Electric Charge    Tloc/Air       0%         N/A       93%         3
 Iskenderun's Mystic Bla  Conj/Tloc      0%         2d3       100%        4
 Arcjolt                  Conj/Air       0%         1d10      100%        5
 Freezing Cloud           Conj/Ice/Air   0%         6-21      100%        5
 Lightning Bolt           Conj/Air       0%         1d11      100%        5
 Chain Lightning          Conj/Air       0%         N/A       100%        9


Dungeon Overview and Level Annotations

Branches:
Dungeon (11/15)            Temple (0/1) D:5            Lair (0/5) D:11
    Orc: D:9-12

Altars:
Cheibriados
Gozag
Hepliaklqana
Kikubaaqudgha
Qazlal
Ru
Sif Muna
Uskayaw
Vehumet
Xom
Yredelemnul
The Shining One

Shops:
D:9 *   D:10 [

Annotations:
D:9 3 runed translucent doors, MacCMillion's ghost, journeyman OpTm


Innate Abilities, Weirdness & Mutations

You have sharp fingernails.
You are agile. (Dex +4, Str/Int -1)
You sometimes lose your temper in combat.


Message History

The death yak gores you.
* * * LOW HITPOINT WARNING * * *
The yak completely misses you.
The yak gores you but does no damage. x2
The yak barely misses you.
You bludgeon the death yak!!
The death yak is almost dead.
The yak barely misses you. x2; The death yak gores you!
* * * LOW HITPOINT WARNING * * *
The yak closely misses you.
The two-headed ogre is distracted by your dazzling golden aura.
The yak completely misses you. x2; The yak barely misses you.
The two-headed ogre shouts in stereo!
You hit the death yak. You drain the death yak.
The death yak is almost dead.
The yak misses you. x2; The death yak closely misses you.
The yak closely misses you. x3
The yak is distracted by your dazzling golden aura.
The yak bellows!
You bludgeon the death yak!!
You kill the death yak!
The yak completely misses you.
The yak gores you but does no damage. x2
The yak closely misses you. The yak misses you.
The yak attacks as you move away! The yak misses you.
The yak attacks as you move away! The yak misses you.
The two-headed ogre is no longer distracted by gold.
The two-headed ogre misses you. x2
The yak is distracted by your dazzling golden aura.
You see here 31 gold pieces.
The two-headed ogre attacks as you move away!
The two-headed ogre hits you with a +0 giant spiked club!
* * * LOW HITPOINT WARNING * * *
The two-headed ogre hits you but does no damage.
The yak attacks as you move away! The yak closely misses you.
The yak is no longer distracted by gold.
There is a stone staircase leading up here.
The yak gores you.
* * * LOW HITPOINT WARNING * * *
The yak closely misses you. The yak gores you.
You die...
Your body crumbles into a pile of gold.

#............
##...#..>.....
#.............
##.............
#............
+..#.......
#.)>..O..#
#.....Y@.#
#...$YYYY#
#...Y....#
#........#
#.....>..#
##########


You could see a two-headed ogre and 6 yaks.

Vanquished Creatures
  A two-headed ogre (D:10)
  3 death yaks (D:11)
  A gargoyle (D:10)
  Maggie (D:8)
  An unseen horror (D:7)
  2 kobold demonologists (D:10)
  Psyche (D:8)
  A troll (D:10)
  A hornet (D:9)
  Grinder (D:5)
  A wyvern (D:10)
  11 yaks
  2 steam dragons
  Menkaure (D:7)
  Duvessa (D:4)
  3 water moccasins
  2 orc warriors
  2 ice beasts
  2 ogres
  5 centaurs
  4 phantoms
  6 kobold brigands
  2 bullfrogs
  2 necrophages (D:6)
  A gnoll sergeant (D:10)
  3 scorpions
  Dowan (D:4)
  14 killer bees
  4 howler monkeys
  10 electric eels (D:10)
  9 crimson imps (D:7)
  2 hounds
  2 jellies
  4 orc priests
  6 iguanas
  8 orc wizards
  12 gnolls
  3 adders
  A shadow imp (D:7)
  3 white imps
  An ufetubus (D:6)
  2 worms
  2 dart slugs
  35 orcs
  7 ball pythons
  6 bats
  7 endoplasms
  5 giant cockroaches
  A goblin (D:1)
  12 hobgoblins
  4 jackals (D:2)
  23 kobolds
  2 quokkas
  8 frilled lizards (D:2)
  5 rats
260 creatures vanquished.

Vanquished Creatures (others)
  A kobold (D:10)
  6 plants (D:2)
7 creatures vanquished.

Grand Total: 267 creatures vanquished

Notes
Turn   | Place    | Note
-------+----------+-------------------------------------------
     0 | D:1      | Goldberg the Human Gladiator began the quest for the Orb.
     0 | D:1      | Reached XP level 1. HP: 16/16 MP: 1/1
   157 | D:1      | Reached XP level 2. HP: 22/22 MP: 2/2
   342 | D:1      | Reached XP level 3. HP: 27/27 MP: 3/3
  1109 | D:2      | Found a basalt altar of Yredelemnul.
  1225 | D:2      | Reached XP level 4. HP: 32/33 MP: 4/4
  1868 | D:3      | Reached skill level 4 in Maces & Flails
  1868 | D:3      | Reached skill level 1 in Armour
  1868 | D:3      | Reached XP level 5. HP: 15/38 MP: 5/5
  1967 | D:3      | Identified the +3 scale mail of the Saviour {+Blink rN+
                  | Slay+5}
  2067 | D:3      | Identified a scroll of acquirement
  2071 | D:3      | Acquired a +2 pair of gloves of dexterity
  2280 | D:3      | Noticed a phantom
  2306 | D:3      | Killed a phantom
  2307 | D:3      | Reached XP level 6. HP: 40/46 MP: 6/6
  2346 | D:3      | Reached skill level 5 in Maces & Flails
  2741 | D:4      | HP: 1/46 [gnoll/+0 spear (4)]
  2742 | D:4      | Gained mutation: You sometimes lose your temper in combat.
                  | [potion of mutation]
  2742 | D:4      | Gained mutation: You have sharp fingernails. [potion of
                  | mutation]
  2742 | D:4      | Gained mutation: You are agile. (Dex +4, Str/Int -1)
                  | [potion of mutation]
  2866 | D:4      | Reached XP level 7. HP: 51/51 MP: 7/7
  2875 | D:4      | Found a hide-covered altar of Uskayaw.
  2875 | D:4      | Found an opulent altar of Gozag.
  2883 | D:4      | Became a worshipper of Gozag Ym Sagoz the Greedy
  2974 | D:4      | Reached skill level 6 in Maces & Flails
  3371 | D:4      | Noticed Dowan
  3372 | D:4      | Noticed Duvessa
  3382 | D:4      | Killed Dowan
  3387 | D:4      | Killed Duvessa
  3388 | D:4      | Reached skill level 5 in Dodging
  3808 | D:5      | Entered Level 5 of the Dungeon
  3808 | D:5      | Noticed Grinder
  3810 | D:5      | Paralysed by Grinder for 3 turns
  3826 | D:5      | Reached XP level 8. HP: 30/58 MP: 8/8
  3843 | D:5      | Reached skill level 7 in Maces & Flails
  3860 | D:5      | Killed Grinder
  4095 | D:5      | Reached XP level 9. HP: 36/65 MP: 9/9
  4223 | D:5      | Got Sif Muna's Almanac of Distorted Kinetic Energy
  4301 | D:5      | Reached skill level 8 in Maces & Flails
  4339 | D:5      | Found a staircase to the Ecumenical Temple.
  4697 | D:5      | Acquired the +3 great mace of Inoexkim {drain, *Corrode
                  | rElec rC+ Dex+6}
  4742 | D:5      | Found a sacrificial altar of Ru.
  5034 | D:6      | Found a shimmering altar of Xom.
  5036 | D:6      | Found a hazy altar of Hepliaklqana.
  5037 | D:6      | Noticed a spectral ugly thing
  5188 | D:6      | Reached skill level 9 in Maces & Flails
  5340 | D:6      | Found a glowing golden altar of the Shining One.
  5502 | D:7      | Noticed Menkaure
  5514 | D:7      | Killed Menkaure
  5682 | D:7      | Reached skill level 5 in Fighting
  5764 | D:7      | Killed an unseen horror
  5940 | D:7      | Reached XP level 10. HP: 74/74 MP: 10/10
  6124 | D:7      | Reached skill level 5 in Armour
  6134 | D:7      | Reached skill level 10 in Maces & Flails
  6153 | D:7      | Identified the +1 leather armour of Akusmus {Rampage Regen+
                  | Stlth-}
  6433 | D:7      | Found a shimmering blue altar of Sif Muna.
  6454 | D:7      | Got Sif Muna's Codex of Accompaniment
  6529 | D:7      | Found an ancient bone altar of Kikubaaqudgha.
  6541 | D:7      | Found a radiant altar of Vehumet.
  7156 | D:8      | Noticed Maggie
  7161 | D:8      | Killed Maggie
  7296 | D:8      | Found a stormy altar of Qazlal.
  7387 | D:8      | Reached skill level 11 in Maces & Flails
  7556 | D:8      | Noticed Psyche
  7625 | D:8      | Killed Psyche
  8370 | D:9      | Reached XP level 11. HP: 73/81 MP: 11/11
  8434 | D:9      | Found Calaxalu's Mayhem Merchandise.
  8686 | D:9      | Found a runed translucent gate.
  8686 | D:9      | Found a runed translucent gate.
  8686 | D:9      | Found a runed translucent gate.
  8930 | D:9      | Noticed MacCMillion's ghost (journeyman OpTm)
  9364 | D:10     | Entered Level 10 of the Dungeon
  9380 | D:10     | Noticed a sun demon
  9385 | D:10     | Reached skill level 12 in Maces & Flails
  9430 | D:10     | Noticed a two-headed ogre
  9438 | D:10     | Killed a two-headed ogre
  9912 | D:10     | Found a snail-covered altar of Cheibriados.
 10118 | D:10     | Bought a runed helmet for 232 gold pieces
 11023 | D:11     | Noticed a death yak
 11023 | D:11     | Found a staircase to the Lair.
 11025 | D:11     | Noticed a death yak
 11031 | D:11     | Killed a death yak
 11037 | D:11     | Killed a death yak
 11039 | D:11     | Noticed a death yak
 11048 | D:11     | Reached XP level 12. HP: 53/91 MP: 12/12
 11049 | D:11     | Noticed a two-headed ogre
 11051 | D:11     | Reached skill level 13 in Maces & Flails
 11057 | D:11     | Killed a death yak
 11059 | D:11     | HP: 1/91 [two-headed ogre/+0 giant spiked club (13)]
 11060 | D:11     | Slain by a yak

Illustrated notes

Levels and vault maps discovered:
D:1:      dpeg_arrival_court, layout_loops_corners
D:2:      layout_basic, basic_altar, lexackson_kobold_supper
D:3:      layout_basic, grunt_ministairs_8
D:4:      cheibrodos_helix_gallery, layout_rooms,
          gammafunk_temple_overflow_elements, uniq_duvessa
D:5:      layout_cave_pools, nicolae_ru_path_of_blood,
          minmay_temple_entry_large_hall, minmay_chambers_of_fives, uniq_grinder
D:6:      layout_cave_pools, regret_index_temple_of_mockery, tso_altar
D:7:      layout_loops_ring, palyth_temple_overflow_mages, minmay_nine_imps,
          uniq_menkaure
D:8:      layout_basic, nicolae_qazlal_style_of_elements, uniq_psyche,
          uniq_maggie
D:9:      layout_basic, gammafunk_ghost_necromancy, wad_floor_pattern_untrapped,
          minmay_shop_mayhem
D:10:     layout_basic, slow_altar_1
D:11:     layout_roguey, dpeg_lair_monsters

Skill      XL: |  1  2  3  4  5  6  7  8  9 10 11 12 |
---------------+-------------------------------------+-----
Dodging        | 4 5 6 7 9 |  9.2
Maces & Flails | 4 5 6 7 9 11 12 13 | 13.1
Armour         | 1 2 3 4 5 7 |  7.3
Fighting       | 3 4 5 6 7 |  7.1
Throwing       | |  2.2

Action                     |  1- 3 |  4- 6 |  7- 9 | 10-12 || total
---------------------------+-------+-------+-------+-------++-------
  Melee: Flail             |    65 |    89 |       |       ||   154
         Punch             |     1 |     1 |     2 |       ||     4
         Morningstar       |       |   110 |    93 |       ||   203
         Great mace        |       |       |    45 |   282 ||   327
         Unarmed           |       |       |       |     2 ||     2
  Throw: Throwing net      |       |       |     3 |     2 ||     5
 Invoke: Call Merchant     |       |       |       |     1 ||     1
    Use: Scroll            |     2 |     6 |     7 |     5 ||    20
         Potion            |       |     3 |     2 |     1 ||     6
   Stab: Sleeping          |     1 |     1 |       |       ||     2
         Held in net/web   |       |       |     1 |     1 ||     2
         Distracted        |       |       |       |     3 ||     3
 Armour: Leather armour    |    16 |    25 |       |       ||    41
         Scale mail        |       |    67 |   120 |   133 ||   320
  Dodge: Dodged            |    45 |   121 |   130 |   364 ||   660
         Repelled          |       |       |     1 |    15 ||    16

Table legend: (Time is in decaauts)
 A = Elapsed time spent in this place.
 B = Non-inter-level travel time spent in this place.
 C = Inter-level travel time spent in this place.
 D = Time resting spent in this place.
 E = Time spent auto-exploring this place.
 F = Levels seen in this place.
 G = Mean time per level.
                   A        B        C        D        E       F      G
               +--------+--------+--------+--------+--------+-----+--------+
         Total |  11311 |  11117 |    194 |   2728 |   3294 |  11 | 1028.3 |
       Dungeon |  11311 |  11117 |    194 |   2728 |   3294 |  11 | 1028.3 |
               +--------+--------+--------+--------+--------+-----+--------+

Top non-repeatable levels by time:
    D:10: 1708 daAuts
     D:8: 1459 daAuts
     D:7: 1418 daAuts
     D:4: 1149 daAuts
     D:5: 1087 daAuts
     D:1: 1030 daAuts
     D:9: 1022 daAuts
     D:3: 1022 daAuts
     D:2: 704 daAuts
     D:6: 668 daAuts
    D:11: 38 daAuts
